 Dungeon Crawl Stone Soup version 0.29-a0-664-gff9cad4a3d (webtiles) character file.

Game seed: 15379819957115826578

185 wingedge the Gusty (level 5, -10/29 HPs)
             Began as a Tengu Air Elementalist on June 23, 2022.
             Mangled by an ice beast (13 damage)
             ... on level 5 of the Dungeon.
             The game lasted 00:10:25 (2545 turns).

wingedge the Gusty (Tengu Air Elementalist)         Turns: 2545, Time: 00:10:27

Health: -10/29     AC:  2    Str:  8    XL:     5   Next: 64%
Magic:  9/9        EV: 15    Int: 18    God:
Gold:   54         SH:  0    Dex: 14    Spells: 6/9 levels left

rFire   . . .      SeeInvis .   a - +0 hand axe
rCold   . . .      Faith    .   i - orb {light}
rNeg    . . .      Spirit   .   c - +0 robe
rPois   .          Reflect  .   (helmet restricted)
rElec   .          Harm     .   (no cloak)
rCorr   .          Rampage  .   (no gloves)
Will    +....      Rnd*Tele +   (boots unavailable)
Stlth   +.........              (no amulet)
HPRegen 0.09/turn               (no ring)
MPRegen 0.11/turn               (no ring)

@: mighty, flying quickly and evasively, glowing, quick
A: beak, talons 3, nimble flight, strong-willed 1, screaming 1, teleportitis 1
a: no special abilities


You were on level 5 of the Dungeon.
You visited 1 branch of the dungeon, and saw 4 of its levels.

You collected 54 gold pieces.

Inventory:

Hand Weapons
 a - a +0 hand axe (weapon)
 b - a +0 hunting sling
 h - a +0 war axe
Armour
 c - a +0 robe (worn)
 i - an orb of light (worn)
Jewellery
 f - an amulet of guardian spirit
Wands
 r - a wand of flame (11)
Scrolls
 l - a scroll of noise
 q - a scroll of enchant armour {unknown}
Potions
 g - a potion of haste {unknown}
 j - 2 potions of resistance
 n - a potion of flight {unknown}
 o - a potion of invisibility {unknown}
 p - 2 potions of heal wounds {unknown}
 s - a potion of cancellation {unknown}


   Skills:
 + Level 1.6 Fighting
 - Level 0.3 Axes
 - Level 1.0 Armour
 + Level 3.0 Dodging
 - Level 2.1 Stealth
 + Level 2.5 Spellcasting
 * Level 3.7 Conjurations
 * Level 5.2 Air Magic


You had 6 spell levels left.
You knew the following spells:

 Your Spells              Type           Power      Damage    Failure   Level
a - Shock                 Conj/Air       72%        1d7       2%          1
b - Static Discharge      Conj/Air       18%        N/A       4%          2

Your spell library contained the following spells:

 Spells                   Type           Power      Damage    Failure   Level
 Swiftness                Air            21%        N/A       6%          3
 Airstrike                Air            10%        N/A       19%         4


Dungeon Overview and Level Annotations

Branches:
Dungeon (5/15)
 Temple: D:4-7

Altars:


Innate Abilities, Weirdness & Mutations

You have a beak for a mouth.
You have claws for feet.
Your magical nature lets you fly swiftly and evasively.
You are strong-willed. (Will+)
You occasionally shout uncontrollably at your foes.
You are occasionally teleported next to monsters.


Message History

It is a scroll of amnesia.
Really abort (and waste the scroll)?
Okay, then.
An ice beast comes into view.
As you read the scroll labelled RIROOR ADWI, it crumbles to dust.
It is a scroll of identify.
j - 2 potions of resistance It was a potion of mutation.
You feel extremely strange.
You feel the urge to shout.
You feel weirdly uncertain.
You feel strong-willed.
A phantom comes into view.
It was a potion of might.
You feel very mighty all of a sudden.
You hit the black bear. You claw the black bear! You peck the black bear.
The black bear is severely wounded.
The black bear bites you.
The black bear claws you but does no damage.
The black bear misses you.
You hit the black bear but do no damage.
You claw the black bear!
The black bear is almost dead.
The black bear goes berserk!
You hit the black bear.
You kill the black bear!
Your Dodging skill increases to level 3!
Your Air Magic skill increases to level 5!
You have reached level 5!
Your magical nature develops, letting you fly swiftly and evasively.
You slash the ice beast! You claw the ice beast.
The ice beast is moderately wounded.
A black bear comes into view.
The ice beast hits you. The ice beast freezes you!
The ice beast closely misses you.
You slash the ice beast! You claw the ice beast.
The ice beast is almost dead.
You hit the phantom. The phantom hits you.
* * * LOW HITPOINT WARNING * * *
The ice beast hits you.
* * * LOW HITPOINT WARNING * * *
The ice beast freezes you!
You die...

#.. ####..#
####.........#..
#............#..
#.....#....h....
##.....#.........
.......#.........
#$.....>.......
#.##.@Y........
#.....W.#####
#...........#
.................
#########.......#
P .≈. #.......#
...P #....##..
##### #....# .
....##


You could see a black bear, an ice beast and a phantom.

Vanquished Creatures
  A black bear (D:5)
  Robin (D:2)
  An adder (D:2)
  2 worms (D:2)
  3 dart slugs
  An endoplasm (D:1)
  A giant cockroach (D:2)
  12 goblins
  13 hobgoblins
  A jackal (D:1)
  4 kobolds
  5 quokkas
  4 ball pythons (D:1)
  4 frilled lizards
  4 rats
57 creatures vanquished.

Vanquished Creatures (others)
  2 fungi (D:5)
2 creatures vanquished.

Grand Total: 59 creatures vanquished

Notes
Turn   | Place    | Note
-------+----------+-------------------------------------------
     0 | D:1      | wingedge the Tengu Air Elementalist began the quest for the
                  | Orb.
     0 | D:1      | Reached XP level 1. HP: 10/10 MP: 4/4
    15 | D:1      | Found a faded altar of an unknown god.
   289 | D:1      | Reached XP level 2. HP: 15/15 MP: 4/6
   666 | D:1      | Reached XP level 3. HP: 20/20 MP: 3/7
  1109 | D:2      | Noticed Robin
  1556 | D:2      | Learned a level 2 spell: Static Discharge
  1666 | D:2      | Reached skill level 1 in Fighting
  1775 | D:2      | Reached skill level 1 in Armour
  1817 | D:2      | Reached XP level 4. HP: 25/25 MP: 4/8
  2003 | D:2      | Killed Robin
  2533 | D:3      | You fall into a shaft and drop 2 floors!
  2533 | D:5      | Entered Level 5 of the Dungeon
  2535 | D:5      | Noticed a black bear
  2537 | D:5      | Noticed an ice beast
  2539 | D:5      | Gained mutation: You occasionally shout uncontrollably at
                  | your foes. [potion of mutation]
  2539 | D:5      | Gained mutation: You are occasionally teleported next to
                  | monsters. [potion of mutation]
  2539 | D:5      | Gained mutation: You are strong-willed. (Will+) [potion of
                  | mutation]
  2539 | D:5      | Noticed a phantom
  2543 | D:5      | Killed a black bear
  2544 | D:5      | Reached skill level 5 in Air Magic
  2544 | D:5      | Gained mutation: Your magical nature lets you fly swiftly
                  | and evasively. [Tengu growth]
  2544 | D:5      | Reached XP level 5. HP: 22/29 MP: 9/9
  2544 | D:5      | Noticed a black bear
  2545 | D:5      | Mangled by an ice beast

Illustrated notes

Levels and vault maps discovered:
D:1:      dpeg_arrival_brainrot, layout_rooms,
          ebering_ecumenical_altar_abandoned
D:2:      minmay_general_purpose_star, layout_basic, kennysheep_cluttered_room,
          uniq_robin
D:3:      layout_basic, mainiacjoe_overflow_concentric_impassable,
          hangedman_abyss_or_decor_stabs, minmay_diced_spiral, uniq_ijyb
D:5:      layout_basic, kiku_gazebo_pond_becter, serial_aquarium,
          aquarium_bridge_island_small [aquarium_subvault_small_open,
          aquarium_subvault_bridge, aquarium_subvault_window,
          aquarium_subvault_wall, aquarium_subvault_wall],
          aquarium_window_corridor_1, aquarium_window_2, aquarium_window_fake,
          aquarium_window_fake, aquarium_view_2e, aquarium_view_2c,
          aquarium_pool_1

Skill      XL: |  1  2  3  4 |
---------------+-------------+-----
Conjurations   | 2 3 |  3.7
Fighting       | 1 |  1.6
Armour         | 1 |  1.0
Dodging        | 3 |  3.0
Air Magic      | 5 |  5.2
Axes           | |  0.3
Stealth        | |  2.1
Spellcasting   | |  2.5

Action                   |  1- 3 |  4- 6 || total
-------------------------+-------+-------++-------
Melee: Hand axe          |    21 |    10 ||    31
       Kick              |     6 |     6 ||    12
       Peck              |     5 |     2 ||     7
 Fire: Hunting sling     |     6 |       ||     6
 Cast: Shock             |    64 |    25 ||    89
       Static Discharge  |     1 |       ||     1
  Use: Potion            |     1 |     2 ||     3
       Scroll            |       |     3 ||     3
Armor: Robe              |     7 |     1 ||     8
Dodge: Dodged            |    24 |     5 ||    29

Table legend: (Time is in decaauts)
 A = Elapsed time spent in this place.
 B = Non-inter-level travel time spent in this place.
 C = Inter-level travel time spent in this place.
 D = Time resting spent in this place.
 E = Time spent auto-exploring this place.
 F = Levels seen in this place.
 G = Mean time per level.
                   A        B        C        D        E       F      G
               +--------+--------+--------+--------+--------+-----+--------+
         Total |   2551 |   2487 |     64 |    854 |   1197 |   4 |  637.8 |
       Dungeon |   2551 |   2487 |     64 |    854 |   1197 |   4 |  637.8 |
               +--------+--------+--------+--------+--------+-----+--------+

Top non-repeatable levels by time:
     D:1: 1407 daAuts
     D:2: 1096 daAuts
     D:3: 34 daAuts
     D:5: 12 daAuts
